Workbook
Name arredquant: IF(cronograma!$N$3=TRUE,2,15)
Name arredquant: IF(#REF!=TRUE,2,15)
Name arredquant: IF(#REF!=TRUE,2,15)
Name arredtot: IF(cronograma!$P$3=TRUE,2,15)
Name arredtot: IF(#REF!=TRUE,2,15)
Name arredtot: IF(#REF!=TRUE,2,15)
Name arredunit: IF(cronograma!$O$3=TRUE,2,15)
Name arredunit: IF(#REF!=TRUE,2,15)
Name arredunit: IF(#REF!=TRUE,2,15)
Name O: ROUND(ROUND(#REF!,[0]!arredquant)*ROUND(#REF!,[0]!arredunit),[0]!arredtot)
Name O: ROUND(ROUND(#REF!,orçamento!arredquant)*ROUND(#REF!,orçamento!arredunit),orçamento!arredtot)
Name O: ROUND(ROUND(#REF!,arredquant)*ROUND(#REF!,arredunit),arredtot)
Name RegimeExecucao: IF(OR([1]DADOS!$A$36="Empreitada Preço Global",[1]DADOS!$A$36="Empreitada Integral"),"Global","Unitário")
Name SomaAgrup: SUMIF(OFFSET(cronograma!$A1,1,0,cronograma!$B1),"S",OFFSET(cronograma!A1,1,0,cronograma!$B1))
Name SomaAgrup: SUMIF(OFFSET(#REF!,1,0,#REF!),"S",OFFSET(#REF!,1,0,#REF!))
Name SomaAgrup: SUMIF(OFFSET(#REF!,1,0,#REF!),"S",OFFSET(#REF!,1,0,#REF!))
Name total: ROUND(ROUND(cronograma!XFC1,cronograma!arredquant)*ROUND(cronograma!XFD1,cronograma!arredunit),cronograma!arredtot)
Name total: ROUND(ROUND(#REF!,orçamento!arredquant)*ROUND(#REF!,orçamento!arredunit),orçamento!arredtot)
Name total: ROUND(ROUND(#REF!,arredquant)*ROUND(#REF!,arredunit),arredtot)
Name varanda: ROUND(ROUND(#REF!,arredquant)*ROUND(#REF!,arredunit),arredtot)
Name varanda: ROUND(ROUND(#REF!,orçamento!arredquant)*ROUND(#REF!,orçamento!arredunit),orçamento!arredtot)
Name varanda: ROUND(ROUND(#REF!,arredquant)*ROUND(#REF!,arredunit),arredtot)

Sheet cronograma
A1: PREFEITURA MUNICIPAL DE SALTO DO JACUÍ
A2: OBRA | C2: =orçamento!B2 -> ILUMINAÇÃO ENTORNO DE QUADRAS ESPORTIVAS
A3: LOCAL | C3: Av. Balduino Bernhard, Bairro Harmonia , Salto do Jacuí/RS
A4: CRONOGRAMA
A6: item | C6: valor | D6: 1º Mês | F6: 2º Mês | H6: 3º Mês | J6: 4º Mês | L6: 5º Mês | N6: 6º Mês | P6: 7º Mês | R6: 8º Mês | T6: 9º Mês | V6: 10º Mês | X6: 11º Mês | Z6: 12º Mês
D7: no mês | E7: acum. | F7: no mês | G7: acum. | H7: no mês | I7: acum. | J7: no mês | K7: acum. | L7: no mês | M7: acum. | N7: no mês | O7: acum. | P7: no mês | Q7: acum. | R7: no mês | S7: acum. | T7: no mês | U7: acum. | V7: no mês | W7: acum. | X7: no mês | Y7: acum. | Z7: no mês | AA7: acum.
A8: 1 | B8: =orçamento!C9 -> SERVIÇOES PRELIMINARES E GERAIS | C8: =orçamento!H9 -> 21837.3 | D8: 0.25 | E8: =D8 -> 0.25 | F8: 0.25 | G8: =E8+F8 -> 0.5 | H8: 0.25 | I8: =G8+H8 -> 0.75 | J8: 0.25 | K8: =I8+J8 -> 1 | M8: =K8+L8 -> 1 | O8: =M8+N8 -> 1 | Q8: =O8+P8 -> 1 | S8: =Q8+R8 -> 1 | U8: =S8+T8 -> 1 | W8: =U8+V8 -> 1 | Y8: =W8+X8 -> 1 | AA8: =Y8+Z8 -> 1
A9: 2 | B9: =orçamento!C15 -> ESTRUTURA | C9: =orçamento!H15 -> 105164.78 | E9: 0 | G9: =E9+F9 -> 0 | H9: 0.25 | I9: =G9+H9 -> 0.25 | J9: 0.25 | K9: =I9+J9 -> 0.5 | L9: 0.25 | M9: =K9+L9 -> 0.75 | N9: 0.15 | O9: =M9+N9 -> 0.9 | P9: 0.1 | Q9: =O9+P9 -> 1 | S9: =Q9+R9 -> 1 | U9: =S9+T9 -> 1 | W9: =U9+V9 -> 1 | Y9: =W9+X9 -> 1 | AA9: =Y9+Z9 -> 1
A10: 3 | B10: =orçamento!C23 -> ELETRICA | C10: =orçamento!H23 -> 84610.76 | E10: 0 | G10: =E10+F10 -> 0 | I10: =G10+H10 -> 0 | K10: =I10+J10 -> 0 | M10: =K10+L10 -> 0 | O10: =M10+N10 -> 0 | P10: 0.15 | Q10: =O10+P10 -> 0.15 | R10: 0.2 | S10: =Q10+R10 -> 0.35 | T10: 0.25 | U10: =S10+T10 -> 0.6 | V10: 0.2 | W10: =U10+V10 -> 0.8 | X10: 0.2 | Y10: =W10+X10 -> 1 | AA10: =Y10+Z10 -> 1
A11: 4 | B11: =orçamento!C40 -> SERVIÇOS COMPLEMENTARES | C11: =orçamento!H40 -> 5320.58 | E11: 0 | G11: =E11+F11 -> 0 | I11: =G11+H11 -> 0 | K11: =I11+J11 -> 0 | M11: =K11+L11 -> 0 | O11: =M11+N11 -> 0 | Q11: =O11+P11 -> 0 | S11: =Q11+R11 -> 0 | U11: =S11+T11 -> 0 | W11: =U11+V11 -> 0 | Y11: =W11+X11 -> 0 | Z11: 1 | AA11: =Y11+Z11 -> 1
E12: 0 | G12: =E12+F12 -> 0 | I12: =G12+H12 -> 0 | K12: =I12+J12 -> 0 | M12: =K12+L12 -> 0 | O12: =M12+N12 -> 0 | Q12: =O12+P12 -> 0 | S12: =Q12+R12 -> 0 | U12: =S12+T12 -> 0 | W12: =U12+V12 -> 0 | Y12: =W12+X12 -> 0 | AA12: =Y12+Z12 -> 0
E13: 0 | G13: =E13+F13 -> 0 | I13: =G13+H13 -> 0 | K13: =I13+J13 -> 0 | M13: =K13+L13 -> 0 | O13: =M13+N13 -> 0 | Q13: =O13+P13 -> 0 | S13: =Q13+R13 -> 0 | U13: =S13+T13 -> 0 | W13: =U13+V13 -> 0 | Y13: =W13+X13 -> 0 | AA13: =Y13+Z13 -> 0
E14: 0 | G14: =E14+F14 -> 0 | I14: =G14+H14 -> 0 | K14: =I14+J14 -> 0 | M14: =K14+L14 -> 0 | O14: =M14+N14 -> 0 | Q14: =O14+P14 -> 0 | S14: =Q14+R14 -> 0 | U14: =S14+T14 -> 0 | W14: =U14+V14 -> 0 | Y14: =W14+X14 -> 0 | AA14: =Y14+Z14 -> 0
E15: 0 | G15: =E15+F15 -> 0 | I15: =G15+H15 -> 0 | K15: =I15+J15 -> 0 | M15: =K15+L15 -> 0 | O15: =M15+N15 -> 0 | Q15: =O15+P15 -> 0 | S15: =Q15+R15 -> 0 | U15: =S15+T15 -> 0 | W15: =U15+V15 -> 0 | Y15: =W15+X15 -> 0 | AA15: =Y15+Z15 -> 0
E16: 0 | G16: =E16+F16 -> 0 | I16: =G16+H16 -> 0 | K16: =I16+J16 -> 0 | M16: =K16+L16 -> 0 | O16: =M16+N16 -> 0 | Q16: =O16+P16 -> 0 | S16: =Q16+R16 -> 0 | U16: =S16+T16 -> 0 | W16: =U16+V16 -> 0 | Y16: =W16+X16 -> 0 | AA16: =Y16+Z16 -> 0
E17: 0 | G17: =E17+F17 -> 0 | I17: =G17+H17 -> 0 | K17: =I17+J17 -> 0 | M17: =K17+L17 -> 0 | O17: =M17+N17 -> 0 | Q17: =O17+P17 -> 0 | S17: =Q17+R17 -> 0 | U17: =S17+T17 -> 0 | W17: =U17+V17 -> 0 | Y17: =W17+X17 -> 0 | AA17: =Y17+Z17 -> 0
A18: TOTAL (%) | D18: =D19/$C$20 -> 0.025165901 | E18: =D18 -> 0.025165901 | F18: =F19/$C$20 -> 0.025165901 | G18: =E18+F18 -> 0.050331802 | H18: =H19/$C$20 -> 0.14636067 | I18: =G18+H18 -> 0.19669247 | J18: =J19/$C$20 -> 0.14636067 | K18: =I18+J18 -> 0.34305314 | L18: =L19/$C$20 -> 0.12119477 | M18: =K18+L18 -> 0.4642479 | N18: =N19/$C$20 -> 0.072716859 | O18: =M18+N18 -> 0.53696476 | P18: =P19/$C$20 -> 0.10698256 | Q18: =O18+P18 -> 0.64394732 | R18: =R19/$C$20 -> 0.078006201 | S18: =Q18+R18 -> 0.72195352 | T18: =T19/$C$20 -> 0.097507751 | U18: =S18+T18 -> 0.81946127 | V18: =V19/$C$20 -> 0.078006201 | W18: =U18+V18 -> 0.89746747 | X18: =X19/$C$20 -> 0.078006201 | Y18: =W18+X18 -> 0.97547367 | Z18: =Z19/$C$20 -> 0.024526327 | AA18: =Y18+Z18 -> 1
B19: Período | D19: =($C$8*D8)+($C$9*D9)+($C$10*D10)+($C$11*D11)+($C$12*D12)+($C$13*D13)+($C$14*D14)+($C$15*D15)+($C$16*D16)+($C$17*D17) -> 5459.325 | F19: =($C$8*F8)+($C$9*F9)+($C$10*F10)+($C$11*F11)+($C$12*F12)+($C$13*F13)+($C$14*F14)+($C$15*F15)+($C$16*F16)+($C$17*F17) -> 5459.325 | H19: =($C$8*H8)+($C$9*H9)+($C$10*H10)+($C$11*H11)+($C$12*H12)+($C$13*H13)+($C$14*H14)+($C$15*H15)+($C$16*H16)+($C$17*H17) -> 31750.52 | J19: =($C$8*J8)+($C$9*J9)+($C$10*J10)+($C$11*J11)+($C$12*J12)+($C$13*J13)+($C$14*J14)+($C$15*J15)+($C$16*J16)+($C$17*J17) -> 31750.52 | L19: =($C$8*L8)+($C$9*L9)+($C$10*L10)+($C$11*L11)+($C$12*L12)+($C$13*L13)+($C$14*L14)+($C$15*L15)+($C$16*L16)+($C$17*L17) -> 26291.195 | N19: =($C$8*N8)+($C$9*N9)+($C$10*N10)+($C$11*N11)+($C$12*N12)+($C$13*N13)+($C$14*N14)+($C$15*N15)+($C$16*N16)+($C$17*N17) -> 15774.717 | P19: =($C$8*P8)+($C$9*P9)+($C$10*P10)+($C$11*P11)+($C$12*P12)+($C$13*P13)+($C$14*P14)+($C$15*P15)+($C$16*P16)+($C$17*P17) -> 23208.092 | R19: =($C$8*R8)+($C$9*R9)+($C$10*R10)+($C$11*R11)+($C$12*R12)+($C$13*R13)+($C$14*R14)+($C$15*R15)+($C$16*R16)+($C$17*R17) -> 16922.152 | T19: =($C$8*T8)+($C$9*T9)+($C$10*T10)+($C$11*T11)+($C$12*T12)+($C$13*T13)+($C$14*T14)+($C$15*T15)+($C$16*T16)+($C$17*T17) -> 21152.69 | V19: =($C$8*V8)+($C$9*V9)+($C$10*V10)+($C$11*V11)+($C$12*V12)+($C$13*V13)+($C$14*V14)+($C$15*V15)+($C$16*V16)+($C$17*V17) -> 16922.152 | X19: =($C$8*X8)+($C$9*X9)+($C$10*X10)+($C$11*X11)+($C$12*X12)+($C$13*X13)+($C$14*X14)+($C$15*X15)+($C$16*X16)+($C$17*X17) -> 16922.152 | Z19: =($C$8*Z8)+($C$9*Z9)+($C$10*Z10)+($C$11*Z11)+($C$12*Z12)+($C$13*Z13)+($C$14*Z14)+($C$15*Z15)+($C$16*Z16)+($C$17*Z17) -> 5320.58
B20: Acumulado | C20: =orçamento!H44 -> 216933.42 | D20: =D19 -> 5459.325 | F20: =F19+D20 -> 10918.65 | H20: =H19+F20 -> 42669.17 | J20: =J19+H20 -> 74419.69 | L20: =L19+J20 -> 100710.88 | N20: =N19+L20 -> 116485.6 | P20: =P19+N20 -> 139693.69 | R20: =R19+P20 -> 156615.85 | T20: =T19+R20 -> 177768.54 | V20: =V19+T20 -> 194690.69 | X20: =X19+V20 -> 211612.84 | Z20: =Z19+X20 -> 216933.42

Sheet orçamento
A1: PREFEITURA MUNICIPAL DE SALTO DO JACUÍ
A2: OBRA | B2: ILUMINAÇÃO ENTORNO DE QUADRAS ESPORTIVAS | D2: ÁREA | F2: m² | G2: Ref. Sinapi: | H2: 45962
A3: LOCAL | B3: Av. Balduino Bernhard (Parque de Exposições Municipal) | D3: BDI | E3: =BDI!F14 -> 0.24970308
A4: PLANILHA ATUALIZADA
E5: QUANTIDADES LICITADAS
A6: Código Sinapi | B6: Item | C6: Discriminação | D6: Unid. | E6: Qtde. | F6: Preço Unitário (R$) | G6: Preço Unit+BDI (R$) | H6: Preço Total (R$)
A8: CAMPO DE FUTEBOL SOCIETY | F8: SUBTOTAL
B9: 1 | C9: SERVIÇOES PRELIMINARES E GERAIS | H9: =SUM(H10:H13) -> 21837.3
A10: 103689 | B10: 1.1 | C10: PLACA DE OBRA | D10: m² | E10: 3 | F10: 455.28 | G10: =ROUND((F10*$E$3)+F10,2) -> 568.96 | H10: =ROUND(E10*G10,2) -> 1706.88
A11: 96526 | B11: 1.2 | C11: ESCAVAÇÃO DE VALA | D11: m³ | E11: 49.21 | F11: 224.68 | G11: =ROUND((F11*$E$3)+F11,2) -> 280.78 | H11: =ROUND(E11*G11,2) -> 13817.18
A12: 94319 | B12: 1.3 | C12: ATERRO DE VALA | D12: m³ | E12: 47.7 | F12: 83.98 | G12: =ROUND((F12*$E$3)+F12,2) -> 104.95 | H12: =ROUND(E12*G12,2) -> 5006.12
A13: 96527 | B13: 1.4 | C13: ESCAVAÇÃO DE FUNDAÇÃO PARA POSTES | D13: m³ | E13: 9.1 | F13: 114.94 | G13: =ROUND((F13*$E$3)+F13,2) -> 143.64 | H13: =ROUND(E13*G13,2) -> 1307.12
B15: 2 | C15: ESTRUTURA | H15: =SUM(H16:H21) -> 105164.78
A16: 97881 | B16: 2.1 | C16: CAIXA DE PASSAGEM 0,3 X 0,3 X 0,3 m | D16: m² | E16: 59 | F16: 151.64 | G16: =ROUND((F16*$E$3)+F16,2) -> 189.5 | H16: =ROUND(E16*G16,2) -> 11180.5
A17: mercado local | B17: 2.2 | C17: POSTE DE JARDIM EXTERNO 4,0 m (completo) | D17: uni | E17: 46 | F17: 825 | G17: =ROUND((F17*$E$3)+F17,2) -> 1031.01 | H17: =ROUND(E17*G17,2) -> 47426.46
A18: mercado local | B18: 2.3 | C18: POSTE DE FIBRA 7,5 m (completo) | D18: uni | E18: 13 | F18: 1350 | G18: =ROUND((F18*$E$3)+F18,2) -> 1687.1 | H18: =ROUND(E18*G18,2) -> 21932.3
A19: 94962 | B19: 2.4 | C19: CONCRETO MAGRO PARA LASTRO | D19: m² | E19: 9.1 | F19: 429.41 | G19: =ROUND((F19*$E$3)+F19,2) -> 536.64 | H19: =ROUND(E19*G19,2) -> 4883.42
A20: 96984 | B20: 2.5 | C20: ELETRODUTO PVC RIGIDO 40mm, rosqueavel, BARRA DE 3m | D20: uni | E20: 210 | F20: 68.37 | G20: =ROUND((F20*$E$3)+F20,2) -> 85.44 | H20: =ROUND(E20*G20,2) -> 17942.4
A21: 1875 | B21: 2.6 | C21: LUVA PVC RIGIDO 40mm, rosqueavel | D21: uni | E21: 210 | F21: 6.86 | G21: =ROUND((F21*$E$3)+F21,2) -> 8.57 | H21: =ROUND(E21*G21,2) -> 1799.7
B23: 3 | C23: ELETRICA | H23: =SUM(H24:H38) -> 84610.76
A24: 101656 | B24: 3.1 | C24: LUMINARIA LED 100W COM BASE ACOPLADA | D24: uni | E24: 52 | F24: 317.31 | G24: =ROUND((F24*$E$3)+F24,2) -> 396.54 | H24: =ROUND(E24*G24,2) -> 20620.08
A25: mercado local | B25: 3.2 | C25: LAMPADA 50W BULBO | D25: uni | E25: 46 | F25: 63.54 | G25: =ROUND((F25*$E$3)+F25,2) -> 79.41 | H25: =ROUND(E25*G25,2) -> 3652.86
A26: mercado local | B26: 3.3 | C26: PROJETOR MODULAR LED HIGH POWER 60° 200W, 30.000LM, IP66, EM ALUMINIO (completo) | D26: uni | E26: 13 | F26: 1054.03 | G26: =ROUND((F26*$E$3)+F26,2) -> 1317.22 | H26: =ROUND(E26*G26,2) -> 17123.86
A27: mercado local | B27: 3.2 | C27: CABO MULTIPLEX 4 VIAS 16mm COLORIDO ISOLADO | D27: m | E27: 65 | F27: 10.65 | G27: =ROUND((F27*$E$3)+F27,2) -> 13.31 | H27: =ROUND(E27*G27,2) -> 865.15
A28: 34621 | B28: 3.4 | C28: CABO PP 6mm 3 VIAS (COMPLETO INCLUSO CONEXÕES E INSTALAÇÃO) | D28: m | E28: 709 | F28: 21.67 | G28: =ROUND((F28*$E$3)+F28,2) -> 27.08 | H28: =ROUND(E28*G28,2) -> 19199.72
A29: 34607 | B29: 3.5 | C29: CABO PP 4mm 2 VIAS (COMPLETO INCLUSO CONEXÕES E INSTALAÇÃO) | D29: m | E29: 280 | F29: 10.58 | G29: =ROUND((F29*$E$3)+F29,2) -> 13.22 | H29: =ROUND(E29*G29,2) -> 3701.6
A30: 101875 | B30: 3.6 | C30: QUADRO DE MEDIDOR DE AÇO GALVANIZADO COM BARRAMENTO PARA 12 DISJUNTORES | D30: uni | E30: 1 | F30: 466.16 | G30: =ROUND((F30*$E$3)+F30,2) -> 582.56 | H30: =ROUND(E30*G30,2) -> 582.56
A31: 93654 | B31: 3.7 | C31: DISJUNTOR MONOPOLAR TIPO DIM 15A | D31: uni | E31: 4 | F31: 11.69 | G31: =ROUND((F31*$E$3)+F31,2) -> 14.61 | H31: =ROUND(E31*G31,2) -> 58.44
A32: 91928 | B32: 3.8 | C32: CABO FLEXIVEL 4mm - COR VERDE | D32: m | E32: 20 | F32: 7.08 | G32: =ROUND((F32*$E$3)+F32,2) -> 8.85 | H32: =ROUND(E32*G32,2) -> 177
A33: 104749 | B33: 3.9 | C33: CONECTOR TIPO OLHAL PARA ATERRAMENTO | D33: uni | E33: 20 | F33: 24.31 | G33: =ROUND((F33*$E$3)+F33,2) -> 30.38 | H33: =ROUND(E33*G33,2) -> 607.6
A34: 96986 | B34: 3.10 | C34: HASTE DE ATERRAMENTO DIAMETRO 3/4" COM 3 m | D34: uni | E34: 20 | F34: 153.82 | G34: =ROUND((F34*$E$3)+F34,2) -> 192.23 | H34: =ROUND(E34*G34,2) -> 3844.6
A35: 91928 | B35: 3.11 | C35: INSTALAÇÃO DA REDE | D35: m | E35: =E29+E28 -> 989 | F35: 7.08 | G35: =ROUND((F35*$E$3)+F35,2) -> 8.85 | H35: =ROUND(E35*G35,2) -> 8752.65
A36: 101663 | B36: 3.12 | C36: EQUIPAMENTO PARA INSTALAÇÃO DE ILUMINAÇÃO | D36: uni | E36: 52 | F36: 25.9 | G36: =ROUND((F36*$E$3)+F36,2) -> 32.37 | H36: =ROUND(E36*G36,2) -> 1683.24
A37: 88264 | B37: 3.13 | C37: ELETRICISTA COM ENCARGOS COMPLEMENTARES | D37: h | E37: 52 | F37: 31.45 | G37: =ROUND((F37*$E$3)+F37,2) -> 39.3 | H37: =ROUND(E37*G37,2) -> 2043.6
A38: 88247 | B38: 3.14 | C38: AUXILIAR DE ELETRICISTA COM ENCARGOS COMPLEMENTARES | D38: h | E38: 52 | F38: 26.13 | G38: =ROUND((F38*$E$3)+F38,2) -> 32.65 | H38: =ROUND(E38*G38,2) -> 1697.8
B40: 4 | C40: SERVIÇOS COMPLEMENTARES | H40: =SUM(H41:H42) -> 5320.58
A41: 103195 | B41: 4.1 | C41: TOTEM | D41: uni | E41: 1 | F41: 2202.59 | G41: =ROUND((F41*$E$3)+F41,2) -> 2752.58 | H41: =ROUND(E41*G41,2) -> 2752.58
A42: 99814 | B42: 4.2 | C42: LIMPEZA DA OBRA | D42: m² | E42: 1200 | F42: 1.71 | G42: =ROUND((F42*$E$3)+F42,2) -> 2.14 | H42: =ROUND(E42*G42,2) -> 2568
G44: TOTAL | H44: =H40+H23+H15+H9 -> 216933.42

Sheet BDI
C4: ITENS | E4: SIGLA | F4: VALORES
C5: TAXA DE RATEIO DA ADMINISTRAÇÃO CENTRAL | E5: AC | F5: 0.037
C6: TAXA DE SEGURO E GARANTIADO EMPREENDIMENTO | E6: S+G | F6: 0.0052 | J6: K | K6: 200
C7: TAXA DE RISCO | E7: R | F7: 0.011 | J7: p | K7: 0.0178
C8: TAXA DE DESPESAS FINANCEIRAS | E8: DF | F8: 0.0135 | J8: L | K8: 182
C9: TAXA DE LUCRO | E9: L | F9: 0.0695 | J9: I | K9: 15
C10: TAXAS E TRIBUTOS | D10: PIS (geralmente 0,65%) | E10: I | F10: 0.0065 | J10: S | K10: 6
D11: COFINS (geralmente 3,00%) | F11: 0.03 | J11: V | K11: 220
D12: ISS (legislação municipal) | F12: 0.05
D13: CPRB (INSS) | F13: 0 | J13: SV | K13: =((K6*K7*K8*K9)/(K10*K11))/100 -> 0.073627273
C14: BDI RESULTANTE | F14: =(((1+(F5+F7+F6))*(1+F8)*(1+F9)/(1-(F10+F11+F12+F13))-1)) -> 0.24970308
